 Dungeon Crawl Stone Soup version 0.31.0-11-ge490571c62 (webtiles) character file.

Game seed: 2247543823722723215

130 Rassilon the Sneak (level 4, -1/21 HPs)
             Began as a Spriggan Enchanter on Feb 10, 2024.
             Slain by a kobold
             ... wielding a +1 short sword of venom
              (4 damage)
             ... on level 3 of the Dungeon.
             The game lasted 00:08:19 (1958 turns).

Rassilon the Sneak (Spriggan Enchanter)             Turns: 1958, Time: 00:08:20

Health: -1/21      AC:  2    Str:  6    XL:     4   Next: 90%
Magic:  10/10      EV: 17    Int: 16    God:
Gold:   85         SH:  0    Dex: 15    Spells: 8/10 levels left

rFire   + . .        a - +1 dagger
rCold   . . .        (no shield)
rNeg    . . .        b - +0 robe
rPois   .            (helmet restricted)
rElec   .            (no cloak)
rCorr   .            (gloves unavailable)
SInv    +            (boots unavailable)
Will    .....        (no amulet)
Stlth   +++          i - ring of protection from fire
HPRegen 0.23/turn    (no ring)
MPRegen 0.12/turn

%: no passive effects
@: lethally poisoned (-1 -> -15), attractive, very quick
A: very small, no large weapons, unfitting armour, see invisible, speed 3
a: no special abilities


You were on level 3 of the Dungeon.
You visited 1 branch of the dungeon, and saw 3 of its levels.

You collected 95 gold pieces.
You spent 10 gold pieces at shops.

Inventory:

Hand Weapons
 a - a +1 dagger (weapon)
Armour
 b - a +0 robe (worn)
Jewellery
 i - a ring of protection from fire (left hand)
Scrolls
 d - a scroll of enchant armour {unknown}
 e - a scroll of immolation {unknown}
 g - 5 scrolls of identify {unknown}
 h - a scroll of enchant weapon {unknown}
Potions
 c - 2 potions of invisibility


   Skills:
 * Level 3.8 Short Blades
 - Level 2.6 Dodging
 + Level 5.7 Stealth
 + Level 3.9 Spellcasting
 - Level 3.6 Hexes


You had 8 spell levels left.
You knew the following spells:

 Your Spells              Type           Power      Damage    Failure   Level
a - Ensorcelled Hibernat  Hex/Ice        16%        N/A       12%         2

Your spell library contained the following spells:

 Spells                   Type           Power      Damage    Failure   Level
 Confusing Touch          Hex            14%        N/A       12%         3
 Tukima's Dance           Hex            14%        N/A       12%         3
 Foxfire                  Conj/Fire      12%        2x1d4     17%         1
 Dazzling Flash           Conj/Hex       16%        N/A       24%         3
 Blink                    Tloc           6%         N/A       26%         2
 Call Imp                 Summ           6%         N/A       26%         2
 Lesser Beckoning         Tloc           6%         N/A       26%         2
 Momentum Strike          Conj/Tloc      6%         3d8       26%         2
 Sublimation of Blood     Necr           3%         N/A       26%         2
 Summon Hydra             Summ           1%         N/A       100%        7


Dungeon Overview and Level Annotations

Branches:
Dungeon (3/15)

Altars:

Shops:
D:1 ![([


Innate Abilities, Weirdness & Mutations

You are very small and have problems with some larger weapons.
You are too small for most types of armour.
You have supernaturally acute eyesight. (SInv)
You cover ground extremely quickly. (Speed+++)


Message History

You impale the bat!!
You kill the bat!
You pick up a book of Spatial Translocations and begin reading...
You add the spells Blink, Momentum Strike and Lesser Beckoning to your library.
g - 5 scrolls labelled ACAWOINTAQ (gained 1)
You now have 85 gold pieces (gained 10).
Found a club.
You see here a +0 club.
The orc priest shouts!
Casting: Ensorcelled Hibernation (safe; 12% risk of failure)
Confirm with . or Enter, or press ? or * to list all spells.
Aiming: Ensorcelled Hibernation (safe; 12% risk of failure)
Press: ? - help, Shift-Dir - straight line, f - orc priest
Aim: an orc priest, wielding a +0 hand axe (chance to affect: 41%)
The orc priest looks drowsy...
The helpless orc priest fails to defend itself.
You impale the orc priest!!
You kill the orc priest!
Things that are here:
a +0 hand axe; an orc corpse Magic restored.
A kobold comes into view. It is wielding a +0 dagger.
The kobold shouts!
You hear a shout!
The kobold throws a stone.
The stone hits you.
A kobold comes into view.
It is wielding a +1 short sword of venom.
You completely miss the kobold.
The kobold hits you with a +1 short sword of venom.
You are poisoned.
The kobold throws a stone.
The stone misses you.
You barely miss the kobold.
You feel very sick.
The kobold hits you with a +1 short sword of venom.
You are more poisoned.
You feel very sick.
It was a potion of attraction.
You feel attractive to monsters.
* * * LOW HITPOINT WARNING * * *
You feel very sick.
The kobold hits you with a +1 short sword of venom.
You die...

###.# ##...# .. .).#.#
.. ####.# .# # #.## .#
# #..# .# #### ##.#
.#....# #.#
########......#
#.#####.....@K..K...#
###.......######......#
##....###### ...####
##..##.# ...# #..###.#
...# ..## #.## .#.# ###
#..# .#.# ##.## ##.#
#..##### #.#


You could see 2 kobolds.

Vanquished Creatures
  An orc priest (D:3)
  An orc wizard (D:3)
  2 adders (D:3)
  2 ribbon worms (D:2)
  4 orcs (D:3)
  6 endoplasms
  3 giant cockroaches (D:2)
  2 hobgoblins
  2 jackals (D:2)
  5 quokkas
  6 ball pythons
  4 bats
  A frilled lizard (D:3)
  2 goblins
  5 kobolds
  6 rats
52 creatures vanquished.

Notes
Turn   | Place    | Note
-------+----------+-------------------------------------------
     0 | D:1      | Rassilon the Spriggan Enchanter began the quest for the
                  | Orb.
     0 | D:1      | Reached XP level 1. HP: 9/9 MP: 5/5
   261 | D:1      | Found Udgho's Armour Boutique.
   316 | D:1      | Reached XP level 2. HP: 12/13 MP: 6/6
   319 | D:1      | Learned a level 2 spell: Ensorcelled Hibernation
   365 | D:1      | Found Woorph's Distillery.
   385 | D:1      | Bought a potion of degeneration for 10 gold pieces
   389 | D:1      | Found Vetwo's Antique Armour Shop.
   509 | D:1      | Found Loxicef's Antique Weapon Shoppe.
   522 | D:1      | Found a faded altar of an unknown god.
   531 | D:1      | Got Plato's Commentary on Incineration
  1077 | D:2      | Reached skill level 5 in Stealth
  1077 | D:2      | Reached XP level 3. HP: 16/16 MP: 8/8
  1455 | D:3      | Reached XP level 4. HP: 21/21 MP: 4/10
  1958 | D:3      | Slain by a kobold

Illustrated notes

Levels and vault maps discovered:
D:1:      co_arrival_hexagon_in_a_hexagon, layout_basic,
          shapermc_ecumenical_altar_rom_forum, serial_shops,
          nicolae_lakefront_shop, nicolae_shop_hallway_plus, shop, shop
D:2:      layout_basic
D:3:      layout_rooms, minitemple

Skill      XL: |  1  2  3 |
---------------+----------+-----
Short Blades   | 2 3 |  3.8
Spellcasting   | 3 |  3.9
Stealth        | 5 |  5.7
Dodging        | |  2.6
Hexes          | |  3.6

Action                     |  1- 3 |  4- 6 || total
---------------------------+-------+-------++-------
  Melee: Dagger            |    85 |    26 ||   111
         Punch             |     2 |       ||     2
   Cast: Ensorcelled Hiber |    11 |     9 ||    20
    Use: Potion            |       |     1 ||     1
   Stab: Sleeping          |    26 |     9 ||    35
 Armour: Robe              |    16 |    11 ||    27
  Dodge: Dodged            |    40 |    20 ||    60
